 Dungeon Crawl Stone Soup version 0.31-a0-1093-gadecf4124d (webtiles) character file.

Game seed: 3476612631381051827

1603114 Jannitor the Ruinous (level 27, 177/177 HPs)
             Began as a Gargoyle Delver on Nov 27, 2023.
             Was the Champion of Vehumet.
             Escaped with the Orb
             ... and 3 runes on Nov 29, 2023!
             The game lasted 03:26:30 (76977 turns).

Jannitor the Ruinous (Gargoyle Delver)             Turns: 76977, Time: 03:26:31

Health: 177/177    AC: 52    Str: 28    XL:     27
Magic:  42/42      EV: 24    Int: 37    God:    Vehumet [******]
Gold:   6667       SH:  0    Dex: 14    Spells: 11/57 levels left

rFire   + . .        f - +3 Elemental Staff {ele, rElec rF+ rC+ AC+3}
rCold   + + .        w - sphere of Battle
rNeg    + + +        P - +5 acid dragon scales
rPois   ∞            R - +2 hat {Int+3}
rElec   +            b - +2 cloak of Insecurity {rN+}
rCorr   +            Z - +2 pair of gloves {Dex+3}
SInv    +            d - +2 pair of boots
Will    ++...        l - amulet "Rocrot" {RegenMP Drain rPois rC+ Int+7}
Stlth   +            z - ring of Iganarph {EV+5 Str+6 Int+4 SInv}
HPRegen 0.49/turn    D - ring "Icelic Cinu" {rN+ Int+4 Slay+6}
MPRegen 0.68/turn

%: no passive effects
@: flying, studying Axes
A: sickness immunity, AC +20, big wings, negative energy resistance 1,
electricity resistance, torment resistance 1, petrification resistance, mutation
resistance 1
0: Orb of Zot
}: 3/15 runes: decaying, silver, gossamer
a: Renounce Religion


You escaped.
You worshipped Vehumet.
Vehumet was exalted by your worship.
You visited 12 branches of the dungeon, and saw 52 of its levels.
You also visited: Trove, Bailey, Gauntlet and Ice Cave.

You collected 8676 gold pieces.
You spent 2009 gold pieces at shops.

Inventory:

Hand Weapons
 f - the +3 Elemental Staff (weapon) {ele, rElec rF+ rC+ AC+3}
   (You acquired it on level 5 of the Lair of Beasts)

   AC+3:      It affects your AC (+3).
   rF+:       It protects you from fire.
   rC+:       It protects you from cold.
   rElec:     It insulates you from electricity.
 W - the +8 whip "Snakebite" {venom, curare, rPois}
   (You found it on level 4 of the Lair of Beasts)

   rPois:     It protects you from poison
Missiles
 u - 4 throwing nets
Armour
 b - the +2 cloak of Insecurity (worn) {rN+}
   (You found it on level 1 of the Elven Halls)

   rN+:       It protects you from negative energy.
 d - a +2 pair of boots (worn)
 w - the sphere of Battle (worn)
   (You acquired it on level 6 of the Dungeon)

   Battle:    It summons a battlesphere in combat, with strength depending on
   Conjurations skill.
   Destructive: It enhances your destructive magic, and weakens non-destructive
   magic.
 P - +5 acid dragon scales (worn)
 R - a +2 hat of intelligence (worn)
 Z - a +2 pair of gloves of dexterity (worn)
Jewellery
 e - the ring of the Lion {rF+ rC+ Will+ Int-3}
   (You found it in a treasure trove)

   [ring of willpower]

   Int-3:     It affects your intelligence (-3).
   rF+:       It protects you from fire.
   rC+:       It protects you from cold.
   Will+:     It increases your willpower.
 l - the amulet "Rocrot" (around neck) {RegenMP Drain rPois rC+ Int+7}
   (You found it in a treasure trove)

   [amulet of magic regeneration]

   RegenMP:   It increases your rate of magic regeneration.
   Int+7:     It affects your intelligence (+7).
   rC+:       It protects you from cold.
   rPois:     It protects you from poison Drain: It drains your maximum health
   when unequipped.
 t - a ring of protection from fire
 z - the ring of Iganarph (left hand) {EV+5 Str+6 Int+4 SInv}
   (You found it in a treasure trove)

   [ring of evasion]

   EV+5:      It affects your evasion (+5).
   Str+6:     It affects your strength (+6).
   Int+4:     It affects your intelligence (+4).
   SInv:      It lets you see invisible.
 C - a ring of willpower
 D - the ring "Icelic Cinu" (right hand) {rN+ Int+4 Slay+6}
   (You found it on level 3 of the Crypt)

   [ring of positive energy]

   Int+4:     It affects your intelligence (+4).
   Slay+6:    It affects your accuracy & damage with ranged weapons and melee
   (+6).
   rN+:       It protects you from negative energy.
Wands
 g - a wand of digging (3)
 r - a wand of charming (72)
 B - a wand of flame (153)
 G - a wand of polymorph (20)
 H - a wand of mindburst (11)
 K - a wand of iceblast (32)
 N - a wand of quicksilver (36)
Scrolls
 c - 11 scrolls of fog
 j - 10 scrolls of immolation
 k - 5 scrolls of revelation
 m - 23 scrolls of teleportation
 o - 6 scrolls of vulnerability
 v - 11 scrolls of fear
 x - 4 scrolls of silence
 y - 2 scrolls of torment
 L - 3 scrolls of summoning
 O - 4 scrolls of amnesia
 U - a scroll of poison
 V - 33 scrolls of identify
 Y - 7 scrolls of blinking
Potions
 a - 9 potions of lignification
 h - 5 potions of enlightenment
 i - 13 potions of ambrosia
 n - 8 potions of heal wounds
 p - 5 potions of attraction
 q - 21 potions of curing
 s - 3 potions of invisibility
 A - 5 potions of haste
 E - 11 potions of might
 F - 4 potions of resistance
 I - 7 potions of cancellation
 J - 5 potions of mutation
 M - 5 potions of berserk rage
 Q - 11 potions of brilliance
Miscellaneous
 S - a lightning rod (4/4)
 T - a phial of floods


   Skills:
 - Level 19.6 Fighting
 - Level 5.9(11.8) Maces & Flails
 - Level 15.7(16.1) Staves
 - Level 16.7 Armour
 - Level 15.1 Dodging
 - Level 5.7 Stealth
 - Level 15.5 Spellcasting
 + Level 25.2 Conjurations
 - Level 7.5 Ice Magic
 + Level 12.4 Air Magic
 - Level 16.8 Earth Magic
 - Level 14.5 Evocations


You had 11 spell levels left.
You knew the following spells:

 Your Spells              Type           Power      Damage    Failure   Level
a - Magic Dart            Conj           100%       1d8       0%          1
b - Hailstorm             Conj/Ice       100%       3d20      0%          3
c - Lehudib's Crystal Sp  Conj/Erth      80%        10d18     1%          8
d - Irradiate             Conj/Tmut      55%        3d30      1%          5
e - Arcjolt               Conj/Air       77%        1d87      0%          5
f - Freezing Cloud        Conj/Ice/Air   84%        6-21      1%          5
g - Iskenderun's Mystic   Conj/Tloc      100%       2d19      1%          4
h - Bombard               Conj/Erth      80%        9d13      1%          6
i - Chain Lightning       Conj/Air       77%        3d102     16%         9

Your spell library contained the following spells:

 Spells                   Type           Power      Damage    Failure   Level
 Polar Vortex             Ice            56%        12d7*     100%        9
 Sandblast                Erth           100%       2d20      0%          1
 Searing Ray              Conj           100%       2d8       0%          2
 Dazzling Flash           Conj/Hex       100%       N/A       0%          3
 Mephitic Cloud           Conj/Pois/Air  100%       N/A       0%          3
 Stone Arrow              Conj/Erth      100%       3d13      0%          3
 Brom's Barrelling Bould  Conj/Erth      100%       2d11      0%          4
 Iskenderun's Battlesphe  Conj           100%       2d15      0%          5
 Freeze                   Ice            100%       1d10      1%          1
 Necrotise                Necr           56%        1d6       1%          1
 Slow                     Hex            56%        N/A       1%          1
 Sting                    Tmut/Pois      56%        1d5       1%          1
 Blink                    Tloc           28%        N/A       1%          2
 Call Imp                 Summ           28%        N/A       1%          2
 Ensorcelled Hibernation  Hex/Ice        100%       N/A       1%          2
 Lesser Beckoning         Tloc           28%        N/A       1%          2
 Passwall                 Tmut/Erth      61%        N/A       1%          2
 Poisonous Vapours        Pois/Air       100%       N/A       1%          2
 Wereblood                Tmut           14%        N/A       1%          2
 Frozen Ramparts          Ice            100%       1d16      1%          3
 Ignite Poison            Fire/Tmut/Pois 59%        N/A       1%          3
 Ozocubu's Armour         Ice            71%        N/A       1%          3
 Swiftness                Air            88%        N/A       1%          3
 Volatile Blastmotes      Fire/Tloc      100%       2d18      1%          3
 Animate Armour           Summ/Erth      100%       N/A       1%          4
 Petrify                  Tmut/Erth      74%        N/A       1%          4
 Sticky Flame             Conj/Fire      100%       2d11      1%          4
 Vhi's Electric Charge    Tloc/Air       100%       N/A       1%          4
 Starburst                Conj/Fire      67%        6d17      1%          6
 Spellforged Servitor     Conj/Summ      55%        N/A       1%          7
 Summon Ice Beast         Ice/Summ       54%        N/A       3%          4
 Confusing Touch          Hex            14%        N/A       4%          3
 Gell's Gravitas          Tloc           14%        N/A       4%          3
 Sigil of Binding         Hex            14%        N/A       4%          3
 Teleport Other           Tloc           14%        N/A       4%          3
 Tukima's Dance           Hex            14%        N/A       4%          3
 Vampiric Draining        Necr           14%        2d7       4%          3
 Olgreb's Toxic Radiance  Pois           43%        N/A       4%          4
 Plasma Beam              Fire/Air       64%        2x1d80    4%          6
 Anguish                  Hex/Necr       7%         N/A       14%         4
 Animate Dead             Necr           14%        N/A       14%         4
 Cause Fear               Hex            7%         N/A       14%         4
 Dimensional Bullseye     Hex/Tloc       7%         N/A       14%         4
 Manifold Assault         Tloc           14%        N/A       14%         4
 Ozocubu's Refrigeration  Ice            56%        4d20      14%         7
 Maxwell's Capacitive Co  Air            67%        ∞         14%         8
 Shatter                  Erth           74%        3d54*     32%         9
 Agony                    Necr           14%        N/A       36%         5
 Summon Forest            Summ/Tloc      7%         N/A       36%         5
 Summon Mana Viper        Hex/Summ       14%        N/A       36%         5
 Simulacrum               Ice/Necr       27%        N/A       41%         6
 Eringya's Noxious Bog    Tmut/Pois      21%        4d6       45%         6
 Fire Storm               Conj/Fire      67%        8d17      86%         9
 Summon Cactus Giant      Summ           7%         N/A       91%         6
 Enfeeble                 Hex            7%         N/A       100%        7
 Haunt                    Necr/Summ      7%         N/A       100%        7
 Malign Gateway           Summ/Tloc      7%         N/A       100%        7
 Monstrous Menagerie      Summ           7%         N/A       100%        7
 Borgnjor's Revivificati  Necr           7%         N/A       100%        8
 Ignition                 Fire           29%        3d9       100%        8
 Infestation              Necr           7%         N/A       100%        8
 Summon Horrible Things   Summ           7%         N/A       100%        8
 Death's Door             Necr           7%         N/A       100%        9
 Cigotuvi's Dreadful Rot  Necr/Pois/Air  Unusable   N/A       N/A         2
 Sublimation of Blood     Necr           Unusable   N/A       N/A         2

Dungeon Overview and Level Annotations

Branches:
Dungeon (15/15)            Temple (1/1) D:7            Lair (5/5) D:8
  Swamp (4/4) Lair:3       Spider (4/4) Lair:2        Slime (0/5) Lair:5
    Orc (2/2) D:11            Elf (3/3) Orc:2        Vaults (5/5) D:13
  Crypt (3/3) Vaults:3       Tomb (0/3) Crypt:3      Depths (4/4) D:15
   Hell (visited)             Zot (5/5) Depths:4     Bailey (visited)
  IceCv (visited)         Gauntlet (visited)
    Dis: Hell:1         Geh: Hell:1         Coc: Hell:1         Tar: Hell:1

Altars:
Ashenzari
Cheibriados
Dithmenos
Elyvilon
Fedhas
Gozag
Hepliaklqana
Kikubaaqudgha
Makhleb
Nemelex Xobeh
Okawaru
Qazlal
Ru
Sif Muna
Trog
Uskayaw
Vehumet
Wu Jian
Xom
Yredelemnul
Zin
The Shining One
Jiyva

Shops:
D:2 ?:   D:12 [   D:14 ?   Orc:2 *[:=(   Elf:1 [:=:   Elf:2 !   Vaults:2 [
Vaults:5 ??   Depths:1 *?[*

Portals:
Hell: Depths:1 Depths:2 Depths:3 Depths:4
Abyss: Depths:2 Depths:3 Depths:4
Pandemonium: Depths:2 Depths:4
Ziggurat: Depths:2

Annotations:
D:3 3 runed translucent doors, ongoing's ghost, amateur FoFi
D:6 1 runed translucent door, Crazy Yiuf
Lair:5 3 runed translucent doors, farilari's ghost, journeyman KoRe
Spider:3 1 runed translucent door, Plog's ghost, adept MfMo
Elf:2 3 runed translucent doors
Vaults:3 1 runed translucent door, howech's ghost, veteran MiGl
Crypt:1 2 transporters, Wed Dyk's ghost, veteran MiBe


Innate Abilities, Weirdness & Mutations

You are immune to sickness and miasma.
Your stone body is resilient. (AC +20)
You are immune to poison.
Your large and strong wings let you fly.
You resist negative energy. (rN+)
You are resistant to electric shocks. (rElec)
You are resistant to unholy torment.
You are immune to petrification.
You are somewhat resistant to further mutation.


Message History

There is a stone staircase leading up here.
You fly upwards.
Your summoned ally is left behind.
Your battlesphere wavers and loses cohesion.
Level annotation: 1 runed translucent door, Crazy Yiuf
There is a stone staircase leading down here.
There is a stone staircase leading up here.
You fly upwards.
There is a stone staircase leading down here.
There is a stone staircase leading up here.
You fly upwards.
There is a stone staircase leading down here.
There is a stone staircase leading up here.
You fly upwards.
Level annotation: 3 runed translucent doors, ongoing's ghost, amateur FoFi
There is a stone staircase leading down here.
You see here a +0 halberd.
There is a stone staircase leading up here.
You fly upwards.
There is a stone staircase leading down here.
You see here a +0 spear.
There is a stone staircase leading up here.
You fly upwards.
There is a stone staircase leading down here.
A glowing orange brain comes into view.
Casting: Lehudib's Crystal Spear (mildly dangerous; 1% risk of failure)
Confirm with . or Enter, or press ? or * to list all spells.
Aiming: Lehudib's Crystal Spear (mildly dangerous; 1% risk of failure)
Press: ? - help, Shift-Dir - straight line, f - glowing orange brain
Aim: a glowing orange brain (97% to hit)
You feel a strong surge of power!
The crystal spear hits the glowing orange brain!!!!
You kill the glowing orange brain!
Vehumet accepts your kill.
You feel your power returning.
What level of the Dungeon? (default 1, ? - help) Magic restored.
There is an open door here.
There is a staircase leading out of the dungeon here.
Unknown command.
You have escaped!

#.†..##................#######
#....########.########........
#....# ######'###### #########
###### #..[........# #
#...........# # #..8.....8..#
# #...........# # ###
#...........# ..##
#.....@.....#
#..########...........#
.........##...........#
.........##..8.....8..#
.........##...........#
....#....##...........#
...†##...#######'######
#...##...#### ##.#
#...##......# #..#


There were no monsters in sight!

Vanquished Creatures
  4 dread liches
  5 ancient liches
  4 orbs of fire
  Khufu (Crypt:3)
  Sojobo (Depths:2)
  Boris (thrice) (Vaults:2 Depths:4 D:8)
  Saint Roka (Crypt:1)
  Bai Suzhen (Vaults:4)
  8 Killer Klowns
  Vv (Crypt:3)
  Margery (Crypt:3)
  A caustic shrike (Depths:3)
  A pandemonium lord (Zot:2)
  Geryon (Hell)
  A profane servitor (Crypt:3)
  10 golden dragons
  Nikola (Vaults:2)
  4 Tzitzimimeh
  2 bone dragons
  3 doom hounds (Depths:2)
  2 hellephants (Depths:4)
  2 electric golems
  Rupert (D:15)
  12 tentacled monstrosities
  A Brimstone Fiend (Zot:1)
  27 Orb Guardians
  A Hell Sentinel (Zot:4)
  7 liches
  2 deep elf master archers (Elf:3)
  Grunn (Depths:2)
  2 deep elf blademasters (Elf:3)
  3 titans
  3 sphinxes
  4 quicksilver dragons
  An Executioner (Zot:2)
  2 ancient champions
  6 death cobs
  An acid blob (Spider:1)
  Kirke (D:14)
  22 storm dragons
  8 shadow dragons
  Aizul (Depths:2)
  2 thorn hunters (Swamp:4)
  5 tengu reavers
  8 fire giants
  Donald (Vaults:4)
  9 draconian monks
  4 revenants
  2 deep elf sorcerers
  2 draconian knights
  2 emperor scorpions
  8 frost giants
  5 deep elf elementalists (Elf:3)
  19 vault wardens
  5 draconian scorchers
  6 ghouls
  9 ghost moths
  5 draconian shifters
  3 orc warlords
  5 spectral caustic shrikes (Depths:3)
  An iron dragon (Depths:3)
  3 spriggan defenders
  A draconian stormcaller (Zot:1)
  16 very ugly things
  12 ironbound preservers
  Louise (Depths:3)
  7 broodmothers
  5 war gargoyles
  5 draconian annihilators
  2 formless jellyfish
  19 stone giants
  A demonspawn corrupter (Depths:1)
  13 ironbound thunderhulks
  6 reapers
  6 vampire knights
  4 deep elf demonologists
  2 putrid mouths (Hell)
  A lorocyproca (Depths:1)
  11 black draconians
  12 deep elf annihilators
  9 green draconians
  5 bunyips
  10 eleionomae
  11 red draconians
  6 spark wasps
  A minotaur (Gauntlet)
  14 white draconians
  14 yellow draconians
  A spark wasp (shapeshifter) (Vaults:5)
  4 dire elephants (Vaults:2)
  6 deep elf death magi
  6 purple draconians
  17 ettins
  2 blizzard demons (Hell)
  19 jiangshi
  3 eidola
  A crystal guardian (Vaults:4)
  3 green deaths
  2 mummy priests (Crypt:3)
  Josephine (D:14)
  8 entropy weavers
  2 peacekeepers
  5 deep elf high priests
  6 fire dragons
  Fannar (D:12)
  17 yaktaur captains
  3 rakshasas
  33 vault guards
  A spriggan skeleton (Crypt:2)
  10 great orbs of eyes
  3 spriggan air magi
  A hell beast (Depths:4)
  5 ice dragons
  5 alligators
  A jorogumo (Spider:4)
  A merfolk avatar (Lair:5)
  22 hydras
  8 ironbound frosthearts
  3 ogre magi (Vaults:5)
  5 radroaches
  5 two-headed ogres
  23 dancing weapons
  5 boulder beetles
  13 centaur warriors
  3 death knights
  A ghost crab (Swamp:4)
  A catoblepas (Lair:4)
  A death scarab (Spider:3)
  7 deep troll shamans
  4 tengu warriors
  10 demonic crawlers
  7 vampire magi
  7 hell hogs (Depths:4)
  A thrashing horror (Swamp:4)
  4 orc high priests (Orc:2)
  7 deep troll earth magi
  5 spriggan berserkers
  A titan zombie (Crypt:1)
  2 soul eaters
  11 spriggans
  5 sun demons
  A titan skeleton (Hell)
  21 deep elf knights
  A fire crab (Gauntlet)
  16 hell knights
  2 sixfirhies (Depths:4)
  34 skeletal warriors
  13 iron trolls
  7 pharaoh ants
  A sun moth (Spider:4)
  A fire crab (shapeshifter) (Vaults:5)
  6 shadow wraiths
  An elf simulacrum (Crypt:2)
  8 goliath frogs
  8 spriggan druids
  Lodul (D:14)
  2 spectral bunyips (Crypt:3)
  37 deep trolls
  A shadow demon (Depths:1)
  9 deep elf archers
  7 swamp dragons
  2 sea snakes (Lair:5)
  A golden dragon zombie (Crypt:3)
  6 bog bodies
  11 orb spiders
  10 necromancers
  5 glowing orange brains
  14 ironbound convokers
  6 arcanists
  3 flayed ghosts
  9 orc knights
  21 deep elf zephyrmancers
  8 steelbarb worms
  A bunyip skeleton (Crypt:1)
  A harpy (shapeshifter) (Depths:3)
  34 deep elf pyromancers
  3 large abominations
  9 lindwurms
  10 phantasmal warriors
  10 harpies
  3 orc sorcerers
  2 oklob plants
  A mana viper (shapeshifter) (Zot:4)
  4 will-o-the-wisps
  50 ugly things
  A cyclops (shapeshifter) (Depths:3)
  18 wolf spiders
  5 cyclopes
  27 moths of wrath
  8 elephants
  A centaur zombie (Crypt:2)
  8 black mambas
  A dire elephant zombie (Hell)
  A naga zombie (Hell)
  33 vault sentinels
  An eleionoma skeleton (Crypt:2)
  6 manticores
  A rust devil (Gauntlet)
  An apocalypse crab (Gauntlet)
  2 gargoyles
  A guardian serpent (shapeshifter) (Vaults:4)
  13 cane toads
  3 smoke demons
  2 orange demons
  A pale draconian zombie (Crypt:1)
  4 torpor snails
  An unseen horror (D:12)
  Jeremiah (D:6)
  5 rime drakes
  An efreet (D:15)
  A centaur skeleton (Crypt:2)
  45 yaktaurs
  A kobold demonologist (D:9)
  A yaktaur (shapeshifter) (Vaults:5)
  7 komodo dragons
  A tormentor (Hell)
  8 ice devils
  8 freezing wraiths
  A white draconian skeleton (Crypt:2)
  7 guardian mummies (Crypt:3)
  An anaconda simulacrum (IceCv)
  10 meliai
  6 polar bears
  A meliai (shapeshifter) (Zot:4)
  7 hornets
  2 bloated husks
  5 tyrant leeches
  2 hellwings
  11 trolls
  11 blink frogs
  Grinder (D:6)
  A radroach zombie (Crypt:1)
  A harpy skeleton (Crypt:2)
  2 glass eyes
  37 tarantellas
  A stone giant simulacrum (Hell)
  A snapping turtle (Lair:5)
  33 jumping spiders
  53 flying skulls (Crypt:3)
  A slime creature (shapeshifter) (D:15)
  27 slime creatures
  A yak (shapeshifter) (Vaults:5)
  16 wraiths
  Sigmund (D:2)
  2 air elementals
  9 shadows
  23 culicivoras
  8 wyverns
  4 small abominations
  2 ynoxinuls
  A fire elemental (Elf:3)
  2 water elementals
  27 yaks
  3 vampires
  3 hogs (D:14)
  2 basilisks
  7 humans (Zot:3)
  6 fire bats (Gauntlet)
  A basilisk (shapeshifter) (Vaults:4)
  74 redbacks
  A death yak simulacrum (IceCv)
  5 steam dragons
  14 vampire mosquitoes
  2 wargs
  17 swamp worms
  A harpy simulacrum (IceCv)
  2 hell hounds (Gauntlet)
  A fire bat zombie (Crypt:2)
  A hydra simulacrum (IceCv)
  8 acid dragons
  A deep troll skeleton (Crypt:2)
  4 ice beasts
  11 water moccasins
  34 orc warriors
  A sky beast (D:6)
  2 black bears
  16 wolves
  20 ogres
  9 boggarts
  21 centaurs
  A hog skeleton (Crypt:1)
  2 phantoms
  5 kobold brigands
  8 bullfrogs
  5 scorpions
  8 earth elementals
  2 two-headed ogre simulacra (IceCv)
  2 gnoll sergeants (D:8)
  4 necrophages (Crypt:3)
  A cane toad simulacrum (IceCv)
  12 killer bees
  A yak zombie (Crypt:1)
  An elephant simulacrum (IceCv)
  5 howler monkeys
  A wolf skeleton (Crypt:1)
  A gnoll bouda (D:5)
  14 orc priests
  5 hounds
  2 iron imps (Gauntlet)
  A jelly (D:6)
  2 sleepcaps
  4 iguanas
  17 orc wizards
  2 spriggan simulacra (IceCv)
  6 hell rats (Lair:4)
  2 polar bear simulacra (IceCv)
  2 troll simulacra (IceCv)
  A deep dwarf skeleton (Crypt:1)
  Robin (D:2)
  20 gnolls
  A howler monkey skeleton (Crypt:2)
  A river rat (shapeshifter) (Zot:4)
  10 adders
  4 naga simulacra (IceCv)
  8 river rats (D:6)
  A shadow imp (D:7)
  5 white imps
  An ufetubus (D:11)
  A lava snake skeleton (Crypt:2)
  An iguana skeleton (Crypt:2)
  A worm (D:2)
  3 dart slugs
  77 orcs
  5 bats
  6 endoplasms
  6 giant cockroaches
  10 hobgoblins
  A hobgoblin (shapeshifter) (Zot:4)
  2 jackals
  7 quokkas
  8 ball pythons
  4 frilled lizards
  18 goblins
  A goblin (shapeshifter) (Zot:4)
  32 kobolds
  A kobold skeleton (Crypt:2)
  13 rats
  A creeping inferno (Hell)
2361 creatures vanquished.

Vanquished Creatures (collateral kills)
  3 boulders (IceCv)
3 creatures vanquished.

Vanquished Creatures (others)
  An Orb Guardian (Zot:5)
  A deep troll (Vaults:2)
  A wolf spider (Spider:4)
  2 orcs
  3 jackals (D:4)
  A quokka (D:4)
  3 boulders (IceCv)
  4 foxfires
16 creatures vanquished.

Grand Total: 2380 creatures vanquished

Notes
Turn   | Place    | Note
-------+----------+-------------------------------------------
     0 | D:5      | Jannitor the Gargoyle Delver began the quest for the Orb.
     0 | D:5      | Reached XP level 1. HP: 14/14 MP: 1/1
    42 | D:5      | Noticed an iguana
   166 | D:4      | Found a white marble altar of Elyvilon.
   295 | D:4      | Reached XP level 2. HP: 19/19 MP: 2/2
   548 | D:3      | Reached XP level 3. HP: 23/23 MP: 3/3
   719 | D:2      | Noticed Sigmund
   849 | D:2      | Found The Oracle's Delphic Readings.
   853 | D:2      | Bought a scroll of teleportation for 30 gold pieces
   938 | D:2      | Found Viukeh's Book Boutique.
   949 | D:2      | Reached XP level 4. HP: 29/29 MP: 4/4
  1149 | D:1      | Found a faded altar of an unknown god.
  1190 | D:1      | Reached skill level 1 in Armour
  1694 | D:2      | Noticed Robin
  1705 | D:2      | Killed Robin
  1753 | D:2      | Killed Sigmund
  1754 | D:2      | Reached XP level 5. HP: 24/34 MP: 5/5
  1754 | D:2      | Reached XP level 6. HP: 28/39 MP: 6/6
  2037 | D:2      | Identified the +7 war axe "Giantbane" {antimagic, rPois rC-
                  | Will+}
  2327 | D:3      | Found a sparkling altar of Nemelex Xobeh.
  2738 | D:3      | Found a broken altar of Ashenzari.
  2765 | D:3      | Found a runed translucent gate.
  2766 | D:3      | Found a runed translucent gate.
  3073 | D:3      | Found a runed translucent gate.
  3078 | D:3      | Identified the +1 dagger "Bijyj" {freeze, *Noise Will++
                  | Dex+2}
  3078 | D:3      | Identified the +0 ring mail of Wexaituss {Slay+4}
  3079 | D:3      | Noticed ongoing's ghost (amateur FoFi)
  3352 | D:4      | Reached skill level 5 in Fighting
  3431 | D:4      | Found a glowing golden altar of the Shining One.
  3475 | D:4      | Reached XP level 7. HP: 44/44 MP: 7/7
  3586 | D:4      | Found a hazy altar of Hepliaklqana.
  3772 | D:4      | Found an ancient bone altar of Kikubaaqudgha.
  4589 | D:5      | Reached XP level 8. HP: 51/51 MP: 8/8
  4789 | D:5      | Reached skill level 5 in Maces & Flails
  5074 | D:6      | Reached skill level 5 in Armour
  5416 | D:6      | Found a runed translucent door.
  5417 | D:6      | Noticed Crazy Yiuf
  5422 | D:6      | Identified a scroll of acquirement
  5430 | D:6      | Learned a level 1 spell: Magic Dart
  5430 | D:6      | Acquired the sphere of Battle
  5430 | D:6      | Found the sphere of Battle
  5505 | D:6      | Noticed Jeremiah
  5765 | D:6      | Reached skill level 1 in Conjurations
  5863 | D:6      | Noticed Grinder
  5880 | D:6      | Killed Grinder
  5881 | D:6      | Reached skill level 2 in Conjurations
  5881 | D:6      | Reached XP level 9. HP: 57/57 MP: 5/9
  5955 | D:6      | Reached skill level 5 in Dodging
  5955 | D:6      | Reached skill level 3 in Conjurations
  6271 | D:6      | Found a basalt altar of Yredelemnul.
  6327 | D:6      | Gained mutation: You possess an exceptional clarity of
                  | mind. [potion of mutation]
  6327 | D:6      | Lost mutation: You possess an exceptional clarity of mind.
                  | [potion of mutation]
  6327 | D:6      | Gained mutation: You are somewhat resistant to further
                  | mutation. [potion of mutation]
  6337 | D:6      | Killed Jeremiah
  6338 | D:6      | Reached skill level 4 in Conjurations
  6726 | D:7      | Reached skill level 5 in Conjurations
  6755 | D:7      | Found a staircase to the Ecumenical Temple.
  6783 | Temple   | Entered the Ecumenical Temple
  6792 | Temple   | Became a worshipper of Vehumet
  7190 | D:8      | Found a blossoming altar of Fedhas.
  7206 | D:8      | Reached skill level 1 in Spellcasting
  7211 | D:8      | Reached XP level 10. HP: 56/64 MP: 6/11
  7235 | D:8      | Found a flagged portal.
  7354 | Bailey   | Entered a bailey
  7428 | Bailey   | Reached skill level 6 in Conjurations
  7511 | Bailey   | Noticed an orc knight
  7518 | Bailey   | Noticed an orc knight
  7527 | Bailey   | Reached skill level 9 in Conjurations
  7527 | Bailey   | Reached XP level 11. HP: 60/71 MP: 12/17
  7558 | Bailey   | Killed an orc knight
  7787 | D:7      | Reached * piety under Vehumet
  7787 | D:7      | Offered knowledge of Shock by Vehumet.
  8265 | D:8      | Found a staircase to the Lair.
  8364 | D:8      | Found a stormy altar of Qazlal.
  8774 | D:9      | Learned a level 3 spell: Hailstorm
  8844 | D:9      | Reached skill level 10 in Conjurations
  9149 | D:9      | Reached ** piety under Vehumet
  9152 | D:9      | Offered knowledge of Searing Ray by Vehumet.
  9153 | D:9      | Reached skill level 1 in Evocations
  9281 | D:9      | Learned a level 2 spell: Searing Ray
  9294 | D:10     | Entered Level 10 of the Dungeon
  9378 | D:10     | Identified the +0 robe of the Evening Star {rN+}
  9563 | D:10     | Reached skill level 10 in Fighting
  9719 | D:10     | Noticed a deep elf pyromancer
  9722 | D:10     | Killed a deep elf pyromancer
  9723 | D:10     | Reached skill level 5 in Spellcasting
  9857 | D:10     | Found an opulent altar of Gozag.
  9862 | D:10     | Identified the +1 leather armour "Waonk" {rF- Int+3}
 10265 | D:11     | Offered knowledge of Momentum Strike by Vehumet.
 10370 | D:11     | Found a staircase to the Orcish Mines.
 10480 | D:11     | Reached skill level 1 in Staves
 10560 | D:11     | Noticed a six-headed hydra
 10586 | D:11     | Reached *** piety under Vehumet
 10587 | D:11     | Reached XP level 12. HP: 49/77 MP: 17/19
 10622 | D:11     | Noticed a two-headed ogre
 10627 | D:11     | Killed a two-headed ogre
 10800 | D:11     | Noticed a two-headed ogre
 10805 | D:11     | Killed a two-headed ogre
 10906 | D:11     | Killed a six-headed hydra
 10907 | D:11     | Reached skill level 11 in Conjurations
 11394 | Lair:1   | Entered Level 1 of the Lair of Beasts
 11455 | Lair:1   | Offered knowledge of Brom's Barrelling Boulder by Vehumet.
 11470 | Lair:1   | Learned a level 5 spell: Irradiate
 11474 | Lair:1   | Found a frozen archway.
 11485 | Lair:1   | Learned a level 4 spell: Brom's Barrelling Boulder
 11486 | IceCv    | Entered an ice cave
 11827 | IceCv    | Reached skill level 1 in Ice Magic
 11900 | IceCv    | Reached **** piety under Vehumet
 11946 | IceCv    | Noticed a reaper
 12025 | IceCv    | Killed a reaper
 12127 | IceCv    | Got the Elucidation of the Iceberg
 12182 | IceCv    | Offered knowledge of Inner Flame by Vehumet.
 12475 | Lair:1   | Learned a level 5 spell: Freezing Cloud
 13275 | Lair:2   | Reached skill level 10 in Armour
 13330 | Lair:2   | Reached XP level 13. HP: 72/84 MP: 15/22
 14038 | Lair:2   | Found a hole to the Spider Nest.
 14120 | Lair:3   | Found a gate leading to a gauntlet.
 14137 | Gauntlet | Entered a Gauntlet
 14137 | Gauntlet | Found a transporter.
 14137 | Gauntlet | Found a transporter.
 14141 | Gauntlet | Found a transporter.
 14141 | Gauntlet | Found a transporter.
 14143 | Gauntlet | Found a large runed translucent door.
 14144 | Gauntlet | Found a large runed translucent door.
 14145 | Gauntlet | Found a large runed translucent door.
 14145 | Gauntlet | Found a large runed translucent door.
 14145 | Gauntlet | Found a runed translucent door.
 14146 | Gauntlet | Found a large runed translucent door.
 14147 | Gauntlet | Found a large runed translucent door.
 14148 | Gauntlet | Found a large runed translucent door.
 14148 | Gauntlet | Found a large runed translucent door.
 14149 | Gauntlet | Found a runed translucent gate.
 14151 | Gauntlet | Found a transporter.
 14161 | Gauntlet | Found a transporter.
 14161 | Gauntlet | Found a transporter.
 14185 | Gauntlet | Found a transporter.
 14187 | Gauntlet | Found a runed translucent gate.
 14187 | Gauntlet | Found a runed translucent gate.
 14189 | Gauntlet | Found a large runed translucent door.
 14190 | Gauntlet | Found a large runed translucent door.
 14192 | Gauntlet | Found a transporter.
 14204 | Gauntlet | Found a transporter.
 14211 | Gauntlet | Found a runed translucent door.
 14220 | Gauntlet | Found a large runed translucent door.
 14220 | Gauntlet | Found a large runed translucent door.
 14220 | Gauntlet | Found a large runed translucent door.
 14220 | Gauntlet | Found a large runed translucent door.
 14221 | Gauntlet | Found a large runed translucent door.
 14222 | Gauntlet | Found a large runed translucent door.
 14224 | Gauntlet | Found a transporter.
 14266 | Gauntlet | Found a transporter.
 14275 | Gauntlet | Found a transporter.
 14293 | Gauntlet | Found a transporter.
 14392 | Gauntlet | Found a transporter.
 14406 | Gauntlet | Found a transporter.
 14568 | Gauntlet | Reached skill level 12 in Conjurations
 14588 | Gauntlet | Identified the ring "Rorigomp" {rN+++ Str-3 Int-4 Dex+6
                  | SInv}
 14646 | Gauntlet | Reached ***** piety under Vehumet
 14836 | Gauntlet | Identified the +6 falchion of Contention {heavy, rN+ Int+2
                  | Dex+2}
 14836 | Gauntlet | Noticed a minotaur
 14842 | Gauntlet | Killed a minotaur
 15045 | Lair:3   | Offered knowledge of Iskenderun's Mystic Blast by Vehumet.
 15053 | Lair:3   | Learned a level 4 spell: Iskenderun's Mystic Blast
 15181 | Lair:3   | Found a staircase to the Swamp.
 15183 | Lair:3   | Noticed an eleionoma
 15191 | Lair:3   | Killed an eleionoma
 16266 | Lair:4   | Found the +8 whip "Snakebite" {venom, curare, rPois}
 16409 | Lair:4   | Gained mutation: Your large and strong wings let you fly.
                  | [Gargoyle growth]
 16409 | Lair:4   | Reached XP level 14. HP: 61/90 MP: 22/24
 16752 | Lair:4   | Reached skill level 13 in Conjurations
 16956 | Lair:5   | Entered Level 5 of the Lair of Beasts
 17009 | Lair:5   | Reached skill level 5 in Evocations
 17101 | Lair:5   | Acquired the +3 Elemental Staff {ele, rElec rF+ rC+ AC+3}
 17101 | Lair:5   | Found the +3 Elemental Staff {ele, rElec rF+ rC+ AC+3}
 17137 | Lair:5   | Offered knowledge of Sticky Flame by Vehumet.
 17289 | Lair:5   | Reached skill level 5 in Staves
 17348 | Lair:5   | Found a staircase to the Slime Pits.
 17348 | Lair:5   | Found a viscous altar of Jiyva.
 17464 | Lair:5   | Reached skill level 5 in Ice Magic
 17817 | Lair:5   | Identified the +8 war axe of the Destroying Pariah {freeze,
                  | +Blink Fly rPois}
 17982 | Lair:5   | Found a runed translucent gate.
 17983 | Lair:5   | Found a runed translucent gate.
 17984 | Lair:5   | Found a runed translucent gate.
 17984 | Lair:5   | Noticed an acid blob
 17984 | Lair:5   | Noticed an azure jelly
 17984 | Lair:5   | Noticed an azure jelly
 17985 | Lair:5   | Noticed a quicksilver ooze
 17985 | Lair:5   | Noticed an azure jelly
 17985 | Lair:5   | Noticed an acid blob
 17985 | Lair:5   | Noticed farilari's ghost (journeyman KoRe)
 17985 | Lair:5   | Noticed an acid blob
 17985 | Lair:5   | Noticed an azure jelly
 17986 | Lair:5   | Noticed an azure jelly
 17987 | Lair:5   | Noticed an acid blob
 17989 | Lair:5   | Noticed an acid blob
 18008 | Lair:5   | Found a viscous altar of Jiyva.
 18404 | Orc:1    | Entered Level 1 of the Orcish Mines
 18404 | Orc:1    | Noticed an orc warlord
 18422 | D:11     | Killed an orc warlord
 18882 | Orc:2    | Entered Level 2 of the Orcish Mines
 18882 | Orc:2    | Noticed an orc warlord
 18882 | Orc:2    | Found Egos's Antique Armour Shoppe.
 18891 | Orc:2    | Killed an orc warlord
 18988 | Orc:2    | Bought a runed scarf for 184 gold pieces
 19109 | Orc:2    | Reached XP level 15. HP: 89/96 MP: 17/26
 19111 | Orc:2    | Offered knowledge of Conjure Ball Lightning by Vehumet.
 19115 | Orc:2    | Reached skill level 14 in Conjurations
 19141 | Orc:2    | Found Kem Kah's General Store.
 19149 | Orc:2    | Bought a scroll of blinking for 127 gold pieces
 19278 | Orc:2    | Found Kuomi's Antique Weapon Shop.
 19287 | Orc:2    | Found Poef's Jewellery Shoppe.
 19328 | Orc:2    | Found Amaojud's Book Shop.
 19485 | Orc:2    | Found a staircase to the Elven Halls.
 19705 | D:12     | Noticed Fannar
 19711 | D:12     | Killed Fannar
 20026 | D:12     | Found Oweapn's Armour Boutique.
 20693 | D:13     | Identified the +1 leather armour of Mutualism {rPois Dex+3}
 21305 | D:13     | Found a gate to the Vaults.
 21832 | D:13     | Offered knowledge of Arcjolt by Vehumet.
 22167 | D:14     | Noticed Lodul
 22174 | D:14     | Killed Lodul
 22185 | D:14     | Noticed Kirke
 22190 | D:14     | Killed Kirke
 22298 | D:14     | Identified the +3 plate armour "Peepp" {Int+3}
 22321 | D:14     | Noticed Josephine
 22325 | D:14     | Killed Josephine
 22377 | D:14     | Reached skill level 15 in Conjurations
 22389 | D:14     | Found Tinunak's Magic Scroll Shoppe.
 22404 | D:14     | Bought a scroll of teleportation for 45 gold pieces
 22404 | D:14     | Bought a scroll of teleportation for 45 gold pieces
 22404 | D:14     | Bought a scroll of enchant armour for 112 gold pieces
 22404 | D:14     | Bought a scroll of amnesia for 60 gold pieces
 22661 | D:14     | Reached XP level 16. HP: 84/103 MP: 28/28
 23312 | Spider:1 | Entered Level 1 of the Spider Nest
 23328 | Lair:2   | Learned a level 5 spell: Arcjolt
 23809 | Spider:1 | Offered knowledge of Fireball by Vehumet.
 24291 | Spider:1 | Noticed an acid blob
 24296 | Spider:1 | Killed an acid blob
 24458 | Spider:2 | Acquired 560 gold pieces
 24481 | Spider:2 | Reached skill level 10 in Dodging
 24794 | Spider:2 | Reached skill level 1 in Air Magic
 25344 | Spider:2 | Learned a level 6 spell: Bombard
 26001 | Spider:3 | Reached skill level 16 in Conjurations
 26010 | Spider:3 | Reached skill level 1 in Earth Magic
 26142 | Spider:3 | Offered knowledge of Yara's Violent Unravelling by Vehumet.
 26296 | Spider:3 | Reached XP level 17. HP: 109/109 MP: 18/30
 26512 | Spider:3 | Reached ****** piety under Vehumet
 26732 | Spider:3 | Found a runed translucent door.
 26858 | Spider:3 | Found a shimmering altar of Xom.
 26858 | Spider:3 | Noticed Plog's ghost (adept MfMo)
 28076 | Spider:4 | Entered Level 4 of the Spider Nest
 28715 | Spider:4 | Offered knowledge of Eringya's Noxious Bog by Vehumet.
 29604 | Spider:4 | Upgraded the game from 0.31-a0-1082-g7d1fb776a8 to
                  | 0.31-a0-1084-gb392501acf
 29644 | Spider:4 | Offered knowledge of Lehudib's Crystal Spear by Vehumet.
 29644 | Spider:4 | Offered knowledge of Shatter by Vehumet.
 29644 | Spider:4 | Offered knowledge of Polar Vortex by Vehumet.
 29719 | Spider:4 | Reached skill level 17 in Conjurations
 30073 | Spider:4 | Got a gossamer rune of Zot
 30527 | Vaults:1 | Entered Level 1 of the Vaults
 30689 | Vaults:1 | Reached XP level 18. HP: 87/116 MP: 25/31
 30849 | Vaults:1 | Reached skill level 5 in Earth Magic
 31248 | Vaults:1 | Reached skill level 10 in Spellcasting
 32997 | Vaults:2 | Noticed Boris
 33451 | Vaults:2 | Found Uroddysch's Armour Boutique.
 33505 | Vaults:2 | Killed Boris
 33697 | Vaults:2 | Reached skill level 10 in Staves
 33958 | Vaults:2 | Reached skill level 18 in Conjurations
 34070 | Vaults:2 | Reached skill level 5 in Air Magic
 34188 | Vaults:2 | Reached XP level 19. HP: 59/123 MP: 4/33
 34424 | Vaults:2 | Noticed Nikola
 34430 | Vaults:2 | Killed Nikola
 34455 | Vaults:2 | Identified the +9 morningstar "Starlight" {heavy, rF+}
 34782 | Vaults:3 | Reached skill level 15 in Fighting
 36556 | Vaults:3 | Found a staircase to the Crypt.
 36717 | Vaults:3 | Found a runed translucent door.
 36722 | Vaults:3 | Noticed howech's ghost (veteran MiGl)
 37203 | Vaults:4 | Reached skill level 10 in Evocations
 37222 | Vaults:4 | Noticed Bai Suzhen
 37227 | Vaults:4 | Killed Bai Suzhen
 37425 | Vaults:4 | Identified the +8 short sword "Jiafin" {vamp, rElec rPois
                  | Str+2 SInv}
 37520 | Vaults:4 | Noticed Donald
 37526 | Vaults:4 | Killed Donald
 37791 | Vaults:4 | Reached XP level 20. HP: 130/130 MP: 32/35
 37976 | Vaults:4 | Reached skill level 19 in Conjurations
 38374 | Vaults:4 | Paralysed by a sphinx for 3 turns
 38381 | Vaults:4 | Paralysed by a sphinx for 5 turns
 39347 | Elf:1    | Entered Level 1 of the Elven Halls
 39392 | Orc:2    | Bought a ring of willpower for 350 gold pieces
 39734 | Elf:1    | Found Feavax's Book Emporium.
 39735 | Elf:1    | Found Sihergh's Jewellery Shop.
 39735 | Elf:1    | Found Yweanim's Jewellery Shop.
 40173 | Elf:1    | Identified the +2 cloak of Insecurity {rN+}
 40176 | Elf:1    | Found Likhliosaxi's Tiny Tomes.
 40219 | Elf:1    | Paralysed by an air elemental for 1 turns
 40324 | Elf:1    | Found Nevuewk's Armour Shoppe.
 40330 | Elf:1    | Bought a +2 pair of gloves of dexterity for 301 gold pieces
 40947 | Elf:2    | Found Ceoseluz's Distillery.
 41004 | Elf:2    | Bought a potion of curing for 48 gold pieces
 41004 | Elf:2    | Bought a potion of haste for 160 gold pieces
 41004 | Elf:2    | Bought a potion of curing for 48 gold pieces
 41004 | Elf:2    | Bought a potion of curing for 48 gold pieces
 41004 | Elf:2    | Bought a potion of heal wounds for 80 gold pieces
 41216 | Elf:2    | Found a shimmering blue altar of Sif Muna.
 41669 | Elf:2    | Found a runed translucent gate.
 41670 | Elf:2    | Found a runed translucent gate.
 41670 | Elf:2    | Found a runed translucent gate.
 41802 | Elf:3    | Entered Level 3 of the Elven Halls
 41883 | Elf:2    | Found a shimmering blue altar of Sif Muna.
 42513 | Elf:3    | Reached XP level 21. HP: 136/136 MP: 26/36
 42962 | Elf:3    | Identified the amulet of Autotheism {rPois Will+ Regen+
                  | Str-5}
 43137 | Elf:3    | Identified the +7 hand axe "Meryl" {freeze, rC- Int+2
                  | Dex+4}
 43197 | Elf:3    | Reached skill level 10 in Earth Magic
 43303 | Elf:3    | Identified the +9 quarterstaff "Viesiats" {spect, rCorr
                  | Str+3}
 43767 | Elf:3    | Got Gunic's Omnibus of the Shapeshifter and Oromancy
 43798 | Elf:3    | Identified the +4 arbalest of Relianlai {penet, Fragile
                  | rElec rCorr Dex+8}
 44508 | Swamp:1  | Entered Level 1 of the Swamp
 44508 | Swamp:1  | Found the +5 robe of Misfortune {Harm *Corrode *Slow EV+5}
 44998 | Swamp:1  | Reached skill level 20 in Conjurations
 47365 | Swamp:4  | Entered Level 4 of the Swamp
 48671 | Swamp:4  | Reached XP level 22. HP: 139/143 MP: 30/38
 49163 | Swamp:4  | Got a decaying rune of Zot
 49779 | Vaults:4 | Learned a level 8 spell: Lehudib's Crystal Spear
 49780 | Vaults:5 | Entered Level 5 of the Vaults
 49780 | Vaults:5 | Noticed a dread lich
 49791 | Vaults:4 | Killed a dread lich
 49914 | Vaults:5 | Noticed a golden dragon
 50012 | Vaults:4 | Killed a golden dragon
 50093 | Vaults:5 | Identified the +4 war axe of Duty {pain, rN+ Str+4}
 50183 | Vaults:5 | Identified the +1 plate armour of the Volcano {Int+3}
 50241 | Vaults:5 | Identified the +7 spear "Seyvebeb" {freeze, *Rage Fly
                  | Str+6}
 50244 | Vaults:5 | Noticed a golden dragon
 50336 | Vaults:4 | Killed a golden dragon
 50353 | Vaults:5 | Noticed an ancient lich
 50360 | Vaults:5 | Killed an ancient lich
 50363 | Vaults:5 | Reached skill level 21 in Conjurations
 50676 | Vaults:5 | Noticed a golden dragon
 50692 | Vaults:4 | Killed a golden dragon
 51057 | Vaults:5 | Reached XP level 23. HP: 149/149 MP: 14/39
 51467 | Vaults:5 | Noticed a golden dragon
 51474 | Vaults:5 | Killed a golden dragon
 51476 | Vaults:5 | Got a silver rune of Zot
 51933 | Vaults:5 | Identified the +5 spear "Giant's Funeral" {venom, rC+
                  | rCorr}
 51937 | Vaults:5 | Identified the +8 eveningstar of the Forging Gods {vamp,
                  | *Slow Str+3 Int+3}
 52274 | Vaults:5 | Found Nanurphe's Magic Scroll Emporium.
 52279 | Vaults:5 | Bought a scroll of summoning for 199 gold pieces
 52304 | Vaults:5 | Found Nulel's Magic Scroll Shoppe.
 52309 | Vaults:5 | Bought a scroll of enchant armour for 172 gold pieces
 52983 | Vaults:5 | Noticed an ancient lich
 52990 | Vaults:5 | Killed an ancient lich
 53190 | Crypt:1  | Entered Level 1 of the Crypt
 53222 | Crypt:1  | Found a transporter.
 53375 | Crypt:1  | Noticed Wed Dyk's ghost (veteran MiBe)
 53993 | Crypt:1  | Found a transporter.
 54405 | Crypt:1  | Noticed Saint Roka
 54415 | Crypt:1  | Killed Saint Roka
 55797 | Crypt:3  | Entered Level 3 of the Crypt
 56007 | Crypt:3  | Found a basalt altar of Yredelemnul.
 56009 | Crypt:3  | Noticed Margery
 56015 | Crypt:3  | Killed Margery
 56030 | Crypt:3  | Reached XP level 24. HP: 136/156 MP: 26/40
 56053 | Crypt:3  | Noticed Vv
 56062 | Crypt:3  | Killed Vv
 56365 | Crypt:3  | Reached skill level 22 in Conjurations
 56379 | Crypt:3  | Noticed Khufu
 56392 | Crypt:3  | Killed Khufu
 56552 | Crypt:3  | Identified the +1 ring mail "Peumur" {Drain Fly rN+++
                  | Stlth-}
 56685 | Crypt:3  | Found a staircase to the Tomb.
 56831 | Crypt:3  | Identified the ring "Ser Dorr" {Contam rN+ Str+6 Int+3
                  | Dex-2}
 56831 | Crypt:3  | Identified the ring "Icelic Cinu" {rN+ Int+4 Slay+6}
 57662 | D:15     | Entered Level 15 of the Dungeon
 58102 | D:15     | Noticed Rupert
 58105 | D:15     | Killed Rupert
 58708 | D:15     | Found a staircase to the Depths.
 58875 | Depths:1 | Entered Level 1 of the Depths
 59015 | Depths:1 | Found Gequadoug's General Store.
 59015 | Depths:1 | Found Illicra's Assorted Antiques.
 59017 | Depths:1 | Found Zupnos's Magic Scroll Shop.
 59021 | Depths:1 | Found Imoof's Antique Armour Boutique.
 60108 | Depths:1 | Found a gateway to Hell.
 60550 | Depths:2 | Identified the serpent talisman "Tuuno" {rC- Int+5 SInv
                  | Stlth+}
 60550 | Depths:2 | Noticed Aizul
 60553 | Depths:2 | Killed Aizul
 60673 | Depths:2 | Found a one-way gate leading to the halls of Pandemonium.
 60718 | Depths:2 | Noticed Sojobo
 60729 | Depths:2 | Killed Sojobo
 60866 | Depths:2 | Found a portal to a secret trove of treasure.
 60997 | Hell     | Entered the Vestibule of Hell
 60997 | Hell     | Noticed Geryon
 61130 | Hell     | Killed Geryon
 61379 | Depths:2 | You paid a toll of the horn of Geryon to enter a treasure
                  | trove
 61380 | Trove    | Entered a treasure trove
 61382 | Trove    | Identified the amulet of Mofuur {Reflect SH+5 SInv}
 61384 | Trove    | Identified the ring "Odotz" {+Blink Dex+6 Stlth+}
 61385 | Trove    | Identified the ring of the Lion {rF+ rC+ Will+ Int-3}
 61386 | Trove    | Identified the amulet "Rocrot" {RegenMP Drain rPois rC+
                  | Int+7}
 61398 | Trove    | Identified the ring of Aclixku {rCorr Int+3}
 61400 | Trove    | Identified the ring of Iganarph {EV+5 Str+6 Int+4 SInv}
 61412 | Trove    | Identified the ring of the Villain {Str+4 Int+6 Dex+3}
 61413 | Trove    | Identified the ring of Autumn {rF- rC+ Str+3 Int+3 SInv}
 61560 | Depths:2 | Found a one-way gateway to a ziggurat.
 61622 | Depths:2 | Noticed Grunn
 61626 | Depths:2 | Reached XP level 25. HP: 163/163 MP: 31/40
 61631 | Depths:2 | Killed Grunn
 61661 | Depths:2 | Found a one-way gate to the infinite horrors of the Abyss.
 61921 | Depths:2 | Reached skill level 10 in Air Magic
 62987 | Depths:3 | Reached skill level 15 in Armour
 63129 | Depths:3 | Noticed Louise
 63163 | Depths:3 | Killed Louise
 63543 | Depths:3 | Got Pasiorph's Reference Book on Orogeny and Elsewhere
 63672 | Depths:3 | Reached skill level 23 in Conjurations
 65046 | Depths:4 | Entered Level 4 of the Depths
 65313 | Depths:4 | Found a gate to the Realm of Zot.
 65544 | Depths:4 | Noticed Boris
 65549 | Depths:4 | Killed Boris
 65857 | Depths:4 | Reached XP level 26. HP: 146/170 MP: 39/41
 66840 | Depths:4 | Identified the +0 chain mail of the Constellations {Contam
                  | rPois rCorr Stlth+}
 67003 | Zot:1    | Entered Level 1 of the Realm of Zot
 67654 | Zot:1    | Noticed a Killer Klown
 67660 | Zot:1    | Killed a Killer Klown
 67662 | Zot:1    | Noticed an orb of fire
 68230 | Zot:1    | Killed an orb of fire
 69107 | Zot:1    | Upgraded the game from 0.31-a0-1084-gb392501acf to
                  | 0.31-a0-1093-gadecf4124d
 69444 | Zot:2    | Reached skill level 15 in Earth Magic
 69450 | Zot:2    | Reached skill level 15 in Staves
 69561 | Zot:2    | You are sucked into a shaft and drop 1 floor!
 70157 | Zot:2    | Identified the +5 whip of Crawling {freeze, rPois rC++
                  | Will+ Str+3}
 70831 | Zot:3    | Acquired 837 gold pieces
 70865 | Zot:3    | Reached skill level 15 in Spellcasting
 71530 | Zot:3    | Noticed an orb of fire
 71533 | Zot:3    | Killed an orb of fire
 71534 | Zot:3    | Reached XP level 27. HP: 164/176 MP: 30/42
 71814 | Zot:3    | Reached skill level 24 in Conjurations
 73768 | Zot:4    | Identified the staff of Bloody Death {*Corrode rElec rPois
                  | rF+ Fire}
 73831 | Zot:5    | Entered Level 5 of the Realm of Zot
 75015 | Zot:5    | Noticed an orb of fire
 75140 | Zot:5    | Noticed an ancient lich
 75140 | Zot:5    | Killed an ancient lich
 75264 | Zot:5    | Killed an orb of fire
 75267 | Zot:5    | Reached skill level 15 in Dodging
 75456 | Zot:5    | Noticed an ancient lich
 75458 | Zot:5    | Killed an ancient lich
 75461 | Zot:5    | Noticed a dread lich
 75461 | Zot:5    | Noticed an ancient lich
 75461 | Zot:5    | Noticed a dread lich
 75462 | Zot:5    | Noticed a dread lich
 75464 | Zot:5    | Killed a dread lich
 75469 | Zot:5    | Killed a dread lich
 75475 | Zot:5    | Killed a dread lich
 75523 | Zot:5    | Killed an ancient lich
 75694 | Zot:5    | Learned a level 9 spell: Chain Lightning
 75799 | Zot:5    | Noticed an orb of fire
 75809 | Zot:5    | Killed an orb of fire
 76368 | Zot:5    | Got the Orb of Zot
 76452 | Zot:2    | Noticed Peikixki the pandemonium lord
 76455 | Zot:2    | Killed Peikixki the pandemonium lord
 76456 | Zot:2    | Reached skill level 25 in Conjurations
 76677 | D:14     | Noticed Cocuud the pandemonium lord
 76835 | D:8      | Noticed Boris
 76841 | D:8      | Killed Boris
 76977 | D:$      | Escaped with the Orb!

Illustrated notes

Levels and vault maps discovered:
D:1:      psy_arrival_statuary, layout_basic,
          hellmonk_ecumenical_altar_inner_sanctum
D:2:      minmay_chambers_of_twos, layout_loops_ring, serial_shops, shop,
          dreamdust_princess_bridge, nicolae_nh_oracle_at_delphi, uniq_sigmund,
          uniq_robin
D:3:      layout_rooms, mainiacjoe_overflow_24_doors, lemuel_doored_altar,
          biasface_ghost_orc_armoury, minmay_hedge_maze, guppyfry_early_orc_mine
D:4:      layout_loops_ring, elyvilon_altar_4, nicolae_hepliaklqana_hazy_memory,
          marbit_many_paths, tso_oasis_becter, minmay_misc_feat_alley
D:5:      layout_loops_ring
D:6:      lemuel_ratsnest, layout_loops_ring, mainiacjoe_overflow_alcove_4,
          serial_bayou_crossing, uniq_grinder, uniq_crazy_yiuf_cottage,
          uniq_jeremiah
D:7:      layout_basic, minmay_temple_entry_offerings, reono_crystal_passage
D:8:      layout_gridville, nicolae_qazlal_eye_of_the_storm,
          overflow_temple_1_default, hellmonk_lair_entry_icy, enter_bailey_8,
          serial_glass, glass_columns_a, glass_columns_a, glass_columns_c,
          glass_columns_b, glass_columns_a, glass_columns_a, glass_columns_c,
          glass_columns_a
D:9:      layout_irregular_city
D:10:     layout_irregular_city, amcnicky_altar_gilded, minmay_misc_feat_tiny
D:11:     layout_loops_cross, orc_0_dummy, serial_co_window_serial,
          co_window_paths_b, co_window_of_opportunity_a, co_window_paths_b,
          co_window_paths_a, co_window_of_opportunity_a,
          co_window_unsneaky_path_b, co_window_broadway_a, co_window_2corner,
          co_window_2corner, co_window_cross_3, co_window_corner_cb,
          co_window_paths_c, glass_columns_c, glass_columns_c, glass_columns_b,
          glass_columns_b, glass_columns_b, nicolae_demonic_statue_gallery
D:12:     layout_loops_ring, serial_shops, nicolae_shop_tiny_real_fake_doors,
          uniq_fannar
D:13:     layout_loops_ring, hangedman_vaults_entry_quadrant_bands
D:14:     layout_irregular_city, serial_shops, shop, nicolae_hexahallways,
          minmay_mirror_moons_of_madness, uniq_lodul, uniq_josephine, uniq_kirke
D:15:     gammafunk_enter_depths_forms, layout_irregular_city, uniq_rupert
Temple:   hellmonk_temple_flake
Lair:1:   layout_cave_pods, portal_ice_cave_entry_ice_simulacra
Lair:2:   layout_cave_pods, spider_nest_entry_funnel_web,
          chequers_serial_rivers_micro_a, minivault_11
Lair:3:   layout_regular_city, alex1729_swamp_entry_worm_eleionoma,
          gauntlet_entry_generic, chequers_serial_rivers_small_a,
          grunt_megastairs_5, serial_bayou_shore_b
Lair:4:   minmay_guarded_unrand_snakebite, layout_long_grid,
          beast_lair_carwin_10, grunt_megastairs_4
Lair:5:   gammafunk_lair_ancient_temple, layout_misc_corridors, slime_entry_1,
          gammafunk_ghost_ooze
Swamp:1:  layout_basic_swamp, hangedman_swamp_lotus, swamp_pool_3
Swamp:2:  layout_basic_swamp, evilmike_swamp_ruin_house_6,
          nzn_swamp_stair_ambush, infiniplex_staircase_pool
Swamp:3:  layout_falls_marsh, nicolae_swamp_big_swirl, swamp_pool_4
Swamp:4:  swamp_vile, layout_basic_swamp, swamp_pool_4, nicolae_swamp_no_escape
Spider:1: nicolae_spider_mines_3, nicolae_spider_acid_house
Spider:2: layout_chambers
Spider:3: layout_spider_delve, ebering_ghost_xom
Spider:4: hellmonk_spider_rune_endless_swarm, nicolae_spider_baby_got_redback
Orc:1:    layout_caves, minmay_orc_temple_b
Orc:2:    grunt_orc_gardens, layout_diamond_mine, grunt_orc_garden,
          grunt_orc_garden, grunt_orc_garden, grunt_orc_garden, serial_shops,
          shop_fountains
Elf:1:    minmay_elf_arrival_summoners, layout_loops_corners, serial_shops,
          shop, minivault_28, nicolae_shop_i_like_small_books_too, drop_trap,
          minmay_shop_grove
Elf:2:    nicolae_elf_blades_crystal_corner, layout_geoelf_octagon, basic_altar,
          serial_shops, nicolae_shop_industrial_runoff, lemuel_upstairs_altar
Elf:3:    elf_hall_gauntlet_narrow, layout_loops_corners,
          serial_library_regret_index_boxing, nicolae_elf_blasts_and_bolts
Vaults:1: dpeg_vaults_monster_row, nicolae_vaults_closet_pinwheel_6,
          nicolae_vaults_closet_pinwheel_5, v_misc_18,
          nicolae_vaults_double_plus_1, nicolae_vaults_network_star,
          nicolae_vaults_closet_pinwheel_1, vaults_room_fancy_cross,
          nicolae_vaults_display_case, vaults_room_large_hall,
          nicolae_vaults_tangram_2, layout_vaults_omnibox
Vaults:2: nicolae_vaults_mitosis, nicolae_vaults_layer_cake_slice, v_misc_12,
          v_misc_25, v_misc_29, nicolae_vaults_security_offices_3,
          nicolae_vaults_closet_pinwheel_4, vaults_mumra_chevron,
          nicolae_vaults_angled_halls, nicolae_vaults_storage_closets_3,
          nicolae_vaults_diamond_1, hangedman_vaults_slice,
          layout_vaults_maze_snakey, serial_shops, shop, uniq_boris, uniq_nikola
Vaults:3: hellmonk_ghost_big_iron, vaults_mumra_minichess_inversion,
          nicolae_vaults_ellipses_ellipsis, v_misc_19,
          nicolae_vaults_offset_grid_hallway_1, v_misc_28,
          nicolae_vaults_house_1, nicolae_vaults_turnstiles,
          nicolae_vaults_security_offices_2, nicolae_vaults_cochlea,
          layout_vaults_chaotic_city, dummy_crypt_entry
Vaults:4: v_misc_18, v_alt_pattern_2, nicolae_vaults_mini_display_case,
          vaults_standard_mumra_lines, v_rooms_2, hangedman_vaults_stagger,
          vaults_room_hangedman_quadrants, layout_vaults_omnigrid, uniq_donald,
          uniq_bai_suzhen
Vaults:5: serial_shops
Crypt:1:  layout_gridlike, gammafunk_ghost_arena, minmay_misc_feat_cross,
          uniq_saint_roka
Crypt:2:  layout_chaotic_city
Crypt:3:  grunt_crypt_end_deaths_head, uniq_vv, uniq_margery
Depths:1: layout_honeycomb, hell_entry, chequers_jeans,
          chequers_serial_rivers_room_b, kennysheep_generic_room_14,
          minmay_shoptagon
Depths:2: minmay_octo_star, layout_honeycomb, enter_ziggurat_c,
          trove_entry_hex_spiral, grunt_decor_junction, abyss_entry, pan_entry,
          hell_entry, uniq_aizul, uniq_grunn, uniq_sojobo
Depths:3: cheibrodos_salmonella, layout_gridlike,
          nicolae_twisty_statue_hallways,
          nicolae_abyss_entry_one_way_or_another, pf_hell_entry_tar_river
Depths:4: grunt_zot_entry_alcove, layout_honeycomb, abyss_entry,
          grunt_hell_horde, rand_demon_pan_entry_3
Hell
Zot:1:    grunt_zot_stairs_mandelzot, layout_onion,
          regret_index_zotdec_obsidian_hm, hangedman_zot_wheel_spokes
Zot:2:    layout_gridlike, regret_index_zotdec_golden_two_three
Zot:3:    circus_mu, layout_misc_corridors
Zot:4:    layout_cathedral_of_symmetry, hellmonk_formless_pools,
          grunt_megastairs_2
Zot:5:    layout_gridlike

Skill      XL: |  1  2  3  4  5  6  7  8  9 10 11 12 13 14 15 16 17 18 19 20 21 22 23 24 25 26 27 |
---------------+----------------------------------------------------------------------------------+-----
Dodging        | 2 3 4 5 6 7 8 9 10 11 12 13 14 15 | 15.1
Armour         | 2 3 4 5 6 8 9 10 11 12 13 14 15 16 | 16.7
Fighting       | 4 5 7 9 10 11 12 13 14 15 16 17 18 19 | 19.6
Maces & Flails | 3 4 5 |  5.9
Conjurations   | 2 5 9 10 11 12 13 15 16 17 18 19 20 21 22 23 25 | 25.2
Spellcasting   | 1 4 5 6 7 8 9 10 11 12 13 14 15 | 15.5
Evocations     | 1 3 4 5 6 7 8 9 10 11 12 13 14 | 14.5
Staves         | 1 3 4 5 7 8 9 10 11 12 13 14 15 | 15.7
Ice Magic      | 2 4 5 6 7 |  7.5
Air Magic      | 2 3 5 6 7 8 9 10 11 12 | 12.4
Earth Magic    | 1 4 6 8 9 10 11 12 13 14 15 16 | 16.8
Stealth        | |  5.7

Action                     |  1- 3 |  4- 6 |  7- 9 | 10-12 | 13-15 | 16-18 | 19-21 | 22-24 | 25-27 || total
---------------------------+-------+-------+-------+-------+-------+-------+-------+-------+-------++-------
  Melee: Mace              |    78 |   216 |   104 |       |       |       |       |       |       ||   398
         Punch             |     1 |     2 |     3 |       |       |       |       |       |       ||     6
         Flail             |       |       |   182 |    63 |       |       |       |       |       ||   245
         Staff             |       |       |       |    18 |   235 |   441 |   419 |   354 |   290 ||  1757
         Whip              |       |       |       |       |    45 |       |       |       |       ||    45
   Cast: Magic Dart        |       |       |    82 |   407 |   330 |    12 |       |       |       ||   831
         Searing Ray       |       |       |       |     9 |     2 |       |       |       |       ||    11
         Hailstorm         |       |       |       |    18 |    92 |    53 |    32 |    12 |       ||   207
         Brom's Barrelling |       |       |       |    10 |       |       |       |       |       ||    10
         Freezing Cloud    |       |       |       |     2 |    86 |    88 |    67 |    18 |    13 ||   274
         Irradiate         |       |       |       |       |    20 |    12 |    10 |    14 |     6 ||    62
         Iskenderun's Myst |       |       |       |       |    19 |   115 |     1 |    24 |     5 ||   164
         Bombard           |       |       |       |       |       |    54 |   325 |   256 |    57 ||   692
         Arcjolt           |       |       |       |       |       |   100 |    93 |   159 |    77 ||   429
         Lehudib's Crystal |       |       |       |       |       |       |       |    53 |   360 ||   413
  Evoke: Wand              |       |       |       |    10 |       |     3 |     1 |       |    11 ||    25
         Phial of floods   |       |       |       |       |       |     2 |     1 |       |     1 ||     4
    Use: Scroll            |     3 |       |     5 |     9 |     6 |     9 |     1 |     5 |     5 ||    43
         Potion            |       |     3 |     6 |     5 |     4 |     5 |     1 |     5 |     1 ||    30
   Stab: Sleeping          |     7 |    12 |     7 |       |     1 |     6 |       |     2 |       ||    35
         Distracted        |       |       |       |       |       |     1 |     1 |       |     1 ||     3
 Armour: Leather armour    |    34 |       |       |       |       |       |       |       |       ||    34
         Ring mail         |    17 |   142 |   185 |       |       |       |       |       |       ||   344
         Steam dragon scal |       |       |     5 |   244 |   325 |    70 |       |       |       ||   644
         Acid dragon scale |       |       |       |       |       |   592 |   449 |   552 |   359 ||  1952
         Skin              |       |       |       |       |       |    10 |       |       |       ||    10
  Dodge: Dodged            |    50 |   152 |   181 |   225 |   268 |   493 |   322 |   394 |   369 ||  2454

Table legend: (Time is in decaauts)
 A = Elapsed time spent in this place.
 B = Non-inter-level travel time spent in this place.
 C = Inter-level travel time spent in this place.
 D = Time resting spent in this place.
 E = Time spent auto-exploring this place.
 F = Levels seen in this place.
 G = Mean time per level.
                   A        B        C        D        E       F      G
               +--------+--------+--------+--------+--------+-----+--------+
         Total |  76590 |  72037 |   4553 |  13153 |  46412 |  56 | 1367.7 |
       Dungeon |  17227 |  15428 |   1799 |   1612 |  10623 |  15 | 1148.5 |
        Temple |     18 |     18 |      0 |      0 |      0 |   1 |   18.0 |
          Lair |   5570 |   5071 |    499 |    162 |   4013 |   5 | 1114.0 |
         Swamp |   4898 |   4739 |    159 |    658 |   3492 |   4 | 1224.5 |
   Spider Nest |   6896 |   6732 |    164 |   2405 |   3183 |   4 | 1724.0 |
  Orcish Mines |   1348 |   1095 |    253 |     74 |    823 |   2 |  674.0 |
   Elven Halls |   4806 |   4598 |    208 |    752 |   3002 |   3 | 1602.0 |
        Vaults |  12123 |  11562 |    561 |   3025 |   6838 |   5 | 2424.6 |
         Crypt |   4225 |   4122 |    103 |    580 |   2878 |   3 | 1408.3 |
        Depths |   8067 |   7636 |    431 |   1032 |   5674 |   4 | 2016.8 |
          Hell |     37 |     37 |      0 |      0 |      0 |   1 |   37.0 |
           Zot |   9464 |   9093 |    371 |   2518 |   5185 |   5 | 1892.8 |
         Trove |     68 |     68 |      0 |      0 |      0 |   1 |   68.0 |
        Bailey |    199 |    199 |      0 |     13 |     81 |   1 |  199.0 |
      Ice Cave |    898 |    898 |      0 |    151 |    314 |   1 |  898.0 |
      Gauntlet |    738 |    738 |      0 |    169 |    304 |   1 |  738.0 |
               +--------+--------+--------+--------+--------+-----+--------+

Top non-repeatable levels by time:
Vaults:4: 3116 daAuts
Spider:3: 2706 daAuts
   Zot:1: 2456 daAuts
   Elf:3: 2435 daAuts
Vaults:3: 2419 daAuts
Vaults:5: 2402 daAuts
   Zot:4: 2247 daAuts
Vaults:1: 2242 daAuts
Depths:3: 2195 daAuts
Depths:2: 2116 daAuts
   Zot:5: 1982 daAuts
Depths:4: 1959 daAuts
Vaults:2: 1941 daAuts
Depths:1: 1795 daAuts
    D:13: 1792 daAuts
